 Dungeon Crawl Stone Soup version 0.31-a0-614-gc85dc1c48c (webtiles) character file.

Game seed: 12226630287914231970

157 AdnanSaban the Trooper (level 5, 0/33 HPs)
             Began as a Gargoyle Fighter on Aug 22, 2023.
             Slain by a bullfrog (7 damage)
             ... in a sewer.
             The game lasted 00:02:16 (2002 turns).

AdnanSaban the Trooper (Gargoyle Fighter)           Turns: 2002, Time: 00:02:17

Health: 0/33       AC: 16    Str: 22    XL:     5   Next: 38%
Magic:  5/5        EV:  8    Int:  8    God:
Gold:   90         SH:  9    Dex:  9    Spells: 4/4 levels left

rFire   . . .        a - +0 flail
rCold   . . .        c - +0 buckler
rNeg    + . .        v - +0 chain mail
rPois   ∞            k - +0 helmet
rElec   +            (no cloak)
rCorr   .            m - +0 pair of gloves
SInv    .            t - +0 pair of boots
Will    .....        r - amulet of reflection Stlth
                     (no ring)
HPRegen 0.25/turn    (no ring)
MPRegen 0.09/turn

%: reflection
@: very slow
A: sickness immunity, AC +4, negative energy resistance 1, electricity
resistance, torment resistance 1, petrification resistance
a: no special abilities


You were in a sewer.
You visited 1 branch of the dungeon, and saw 3 of its levels.
You also visited: Sewer.

You collected 90 gold pieces.

Inventory:

Hand Weapons
 a - a +0 flail (weapon)
Missiles
 u - 6 poisoned darts
Armour
 c - a +0 buckler (worn)
 k - a +0 helmet (worn)
 m - a +0 pair of gloves (worn)
 t - a +0 pair of boots (worn)
 v - a +0 chain mail (worn)
Jewellery
 r - an amulet of reflection (around neck)
Scrolls
 b - a scroll of teleportation {unknown}
 g - a scroll of enchant armour {unknown}
 h - 2 scrolls of amnesia {unknown}
 j - 2 scrolls of identify {unknown}
 q - a scroll of enchant weapon {unknown}
 s - a scroll of revelation {unknown}
Potions
 d - a potion of might
 e - a potion of berserk rage {unknown}
 f - 2 potions of cancellation {unknown}
 i - 2 potions of heal wounds {unknown}
 l - 4 potions of enlightenment {unknown}
 n - 3 potions of curing {unknown}
 o - a potion of brilliance {unknown}
 p - 2 potions of lignification {unknown}


   Skills:
 + Level 4.1 Fighting
 + Level 3.7 Maces & Flails
 + Level 3.9 Armour
 + Level 0.7 Dodging
 + Level 4.1 Shields


You had 4 spell levels left.
You didn't know any spells.
Your spell library contained the following spells:

 Spells                   Type           Power      Damage    Failure   Level
 Foxfire                  Conj/Fire      0%         2x1d4     98%         1
 Sandblast                Erth           0%         2d4       98%         1
 Passwall                 Tmut/Erth      0%         N/A       99%         2
 Stone Arrow              Conj/Erth      0%         3d7       100%        3
 Petrify                  Tmut/Erth      0%         N/A       100%        4
 Irradiate                Conj/Tmut      0%         3d11      100%        5
 Plasma Beam              Fire/Air       0%         2x1d10    100%        6
 Starburst                Conj/Fire      0%         6d3       100%        6
 Sublimation of Blood     Necr           Unusable   N/A       N/A         2

Dungeon Overview and Level Annotations

Branches:
Dungeon (3/15)              Sewer (1/1)

Altars:

Shops:
D:1 !


Innate Abilities, Weirdness & Mutations

You are immune to sickness and miasma.
Your stone body is resilient. (AC +4)
You are immune to poison.
You resist negative energy. (rN+)
You are resistant to electric shocks. (rElec)
You are resistant to unholy torment.
You are immune to petrification.


Message History

You completely miss the adder.
The adder is severely wounded.
The bullfrog barely misses you. You block the adder's attack.
The bullfrog barely misses you.
The ball python bites you but does no damage.
The ball python constricts you.
The bullfrog hits you but does no damage.
You block the adder's attack.
The bullfrog hits you but does no damage.
Your unstable footing causes you to fumble your attack.
The ball python bites you but does no damage.
The ball python constricts you. The bullfrog barely misses you.
You block the bullfrog's attack. You block the adder's attack.
You block the ball python's attack. The ball python constricts you.
The bullfrog hits you but does no damage.
Your unstable footing causes you to fumble your attack.
You block the bullfrog's attack. You block the adder's attack.
You block the bullfrog's attack. x2
The ball python bites you but does no damage.
The ball python constricts you. The adder bites you. The bullfrog hits you.
Unknown command.
You barely miss the adder.
The adder is severely wounded.
The bullfrog barely misses you. You block the ball python's attack.
The ball python constricts you. The bullfrog hits you.
* * * LOW HITPOINT WARNING * * *
The adder bites you but does no damage. The bullfrog hits you.
* * * LOW HITPOINT WARNING * * *
The ball python bites you but does no damage.
The ball python constricts you.
You hit the adder.
You kill the adder!
You block the bullfrog's attack.
The bullfrog hits you but does no damage.
The bullfrog barely misses you.
The ball python bites you but does no damage.
The ball python constricts you. You block the bullfrog's attack.
You escape the ball python's grasp.
The bullfrog attacks as it pursues you! The bullfrog hits you!
You die...

##......##'##.....
#......##..###†††.
#...~~.##..# ##.~.
#~~~~~~##### #~~~~
#~≈~~~≈# #≈~~~
#≈~~~~≈# #~†~~
#≈~~~~≈# #~~~≈
#≈~~~~≈# #~~~~
#@#~~≈≈# #≈.~~
#FSl~≈≈# #≈~.[
#~F†≈≈≈# #≈.~.
#S.~≈≈≈# #≈≈~~
#~~≈~≈≈# #≈≈~~
#~#~~~≈# #≈~~~
#≈~~~~≈# #~~~~
#≈~~~~≈# #~~~~
#~≈~~~~# #~~~≈


You could see 2 bullfrogs, 2 ball pythons and a frilled lizard.

Vanquished Creatures
  8 adders
  A river rat (Sewer)
  2 worms (D:2)
  3 dart slugs (D:2)
  6 endoplasms
  A giant cockroach (D:3)
  4 goblins
  4 hobgoblins
  A quokka (D:2)
  9 ball pythons
  4 bats
  6 frilled lizards
  2 kobolds (D:1)
  27 rats
78 creatures vanquished.

Notes
Turn   | Place    | Note
-------+----------+-------------------------------------------
     0 | D:1      | AdnanSaban the Gargoyle Fighter began the quest for the
                  | Orb.
     0 | D:1      | Reached XP level 1. HP: 14/14 MP: 1/1
   328 | D:1      | Reached XP level 2. HP: 16/19 MP: 2/2
   599 | D:1      | You fall into a shaft and drop 1 floor!
  1027 | D:1      | Found Cinkeh's Distillery.
  1218 | D:2      | Reached XP level 3. HP: 17/24 MP: 3/3
  1636 | D:3      | Reached XP level 4. HP: 29/29 MP: 4/4
  1664 | D:3      | Found a glowing drain.
  1706 | Sewer    | Entered a sewer
  1897 | Sewer    | Reached XP level 5. HP: 31/33 MP: 5/5
  2002 | Sewer    | Slain by a bullfrog

Illustrated notes

Levels and vault maps discovered:
D:1:      beargit_arrival_diablo_church, layout_basic, serial_shops,
          nicolae_square_shop, hex_medium, nicolae_figureground_pulse
D:2:      layout_rooms, minmay_quadrilaterals
D:3:      layout_basic, mainiacjoe_overflow_small_starburst,
          chequers_temple_overflow_statue_of_worship, portal_sewer_entry_d
Sewer:    sewer_minmay_w

Skill      XL: |  1  2  3  4  5 |
---------------+----------------+-----
Maces & Flails | 3 |  3.7
Fighting       | 4 |  4.1
Shields        | 4 |  4.1
Armour         | |  3.9
Dodging        | |  0.7

Action                     |  1- 3 |  4- 6 || total
---------------------------+-------+-------++-------
  Melee: Flail             |   115 |   167 ||   282
 Armour: Scale mail        |    56 |     1 ||    57
         Chain mail        |       |   200 ||   200
  Dodge: Dodged            |    52 |   120 ||   172
  Block: Buckler           |    29 |   194 ||   223
         Reflection        |     1 |       ||     1

Table legend: (Time is in decaauts)
 A = Elapsed time spent in this place.
 B = Non-inter-level travel time spent in this place.
 C = Inter-level travel time spent in this place.
 D = Time resting spent in this place.
 E = Time spent auto-exploring this place.
 F = Levels seen in this place.
 G = Mean time per level.
                   A        B        C        D        E       F      G
               +--------+--------+--------+--------+--------+-----+--------+
         Total |   2124 |   2032 |     92 |      0 |   1395 |   4 |  531.0 |
       Dungeon |   1755 |   1663 |     92 |      0 |   1281 |   3 |  585.0 |
         Sewer |    369 |    369 |      0 |      0 |    114 |   1 |  369.0 |
               +--------+--------+--------+--------+--------+-----+--------+

Top non-repeatable levels by time:
     D:1: 1112 daAuts
     D:2: 553 daAuts
   Sewer: 369 daAuts
     D:3: 88 daAuts
